 Dungeon Crawl Stone Soup version 0.27-a0-1046-g98bf31544f (webtiles) character file.

Game seed: 1023257968618266460

147 Veteran the Ducker (level 5, -4/41 HPs)
             Began as a Djinni Monk on Apr 19, 2021.
             Slain by Sigmund
             ... wielding a +0 scythe
              (9 damage)
             ... on level 2 of the Dungeon.
             The game lasted 00:09:54 (2372 turns).

Veteran the Ducker (Djinni Monk)                    Turns: 2372, Time: 00:09:55

Health: -4/41      AC:  5    Str: 11    XL:     5   Next: 29%
Gold:   109        EV: 13    Int: 12    God:
                   SH:  0    Dex: 15

rFire    + + .     SeeInvis .   b - +0 long sword
rCold    x . .     Faith    .   (no shield)
rNeg     . . .     Spirit   .   j - +0 leather armour
rPois    ∞         Reflect  .   i - +1 helmet
rElec    .         Harm     .   (no cloak)
rCorr    .         Rampage  .   (no gloves)
Will     .....                  (boots unavailable)
Stlth    ++........             (no amulet)
HPRegen  0.13/turn              (no ring)
MPRegen  0.00/turn              (no ring)

@: flying
A: fire resistance 2, cold vulnerability 1, float, innate caster, hp casting,
extra vitality 1
a: no special abilities


You were on level 2 of the Dungeon.
You visited 1 branch of the dungeon, and saw 3 of its levels.

You collected 109 gold pieces.

Inventory:

Hand Weapons
 b - a +0 long sword (weapon)
 n - a +0 falchion of holy wrath
Missiles
 h - 2 silver javelins (quivered)
Armour
 i - a +1 helmet (worn)
 j - a +0 leather armour (worn)
Scrolls
 m - a scroll of enchant weapon {unknown}
Potions
 a - a potion of attraction
 d - a potion of lignification
 k - a potion of degeneration
 l - a potion of ambrosia {unknown}


   Skills:
 + Level 4.0 Fighting
 + Level 3.6 Long Blades
 + Level 1.1 Armour
 + Level 4.4 Dodging
 - Level 1.5 Stealth


You had one spell level left.
You knew the following spells:

 Your Spells              Type           Power      Damage    Failure   Level
a - Freeze                Ice            0%         1d3       41%         1
b - Passwall              Tmut/Erth      0%         N/A       54%         2
Your spell library was empty.

Dungeon Overview and Level Annotations

Branches:
Dungeon (3/15)

Altars:
Nemelex Xobeh

Annotations:
D:2 Sigmund


Innate Abilities, Weirdness & Mutations

You are immune to poison.
Your flesh is very heat resistant. (rF++)
You are vulnerable to cold. (rC-)
You float through the air rather than walking.
You learn spells naturally, not from books.
Your magical power is your life essence.
You have superior vitality. (+4 HP)


Message History

Aim: Sigmund, wielding a +0 scythe and wearing a +0 robe (57% to hit)
You throw a silver javelin.
The silver javelin pierces through Sigmund but does no damage.
Sigmund is lightly wounded.
Throw: 3 javelins (silver)
Press: ? - help, Shift-Dir - straight line, f/p - Sigmund
Aim: Sigmund, wielding a +0 scythe and wearing a +0 robe (lightly wounded, 57% to hit)
You throw a silver javelin.
The silver javelin pierces through Sigmund.
Sigmund is lightly wounded.
As you read the scroll labelled MEERPH GESKUM, it crumbles to dust.
It is a scroll of identify.
a - a potion of attraction
As you read the scroll of identify, it crumbles to dust.
d - a potion of lignification Sigmund misses you.
As you read the scroll of identify, it crumbles to dust.
k - a potion of degeneration Sigmund closely misses you.
As you read the scroll labelled HOSMAO TALO, it crumbles to dust.
The scroll dissolves into smoke.
It was a scroll of fog.
Sigmund barely misses you.
As you read the scroll labelled ZANESH HABOOZ YTA, it crumbles to dust.
It is a scroll of enchant armour.
Your +0 helmet glows green for a moment.
Sigmund hits you from afar with a +0 scythe!
* * * LOW HITPOINT WARNING * * *
As you read the scroll labelled TEGIOV OFFUIR, it crumbles to dust.
You assume a fearsome visage.
Sigmund looks frightened!
It was a scroll of fear.
Sigmund yells at you, "GO AWAY!"
Sigmund gestures at himself while chanting.
Sigmund flickers and vanishes!
Deactivating autopickup; reactivate with Ctrl-A.
You hit something. Something hits you.
* * * LOW HITPOINT WARNING * * *
Something hits you.
* * * LOW HITPOINT WARNING * * *
Something hits you!
You die...

.##.#.#.## #...........#
.#....#.######### #.###########
.#..............# #...........#
.#....#.........# #.(.........#
##....#.........# #...........#
......#..(.§§§§.# #...........#
..(...#......§§§# #............
......#......§.§#####............
......#.......{§@.§§§............
......#(......§§§§§§§....####....
.........#######§..§..........###
.........#######.###########'##
.................#............#
..###.##.........#.........#..###
..# #.##.........#..######.#..#..
### #.##.........#..#....#.#..###
#.##.......(.#..#.##.#.#..#..


There were no monsters in sight!

Vanquished Creatures
  7 adders
  A gnoll (D:3)
  2 worms
  3 dart slugs
  An orc (D:2)
  3 bats
  5 endoplasms
  A giant cockroach (D:3)
  6 goblins
  A hobgoblin (D:2)
  8 jackals (D:2)
  9 kobolds
  2 quokkas (D:2)
  5 ball pythons
  A frilled lizard (D:2)
  9 rats
64 creatures vanquished.

Vanquished Creatures (others)
  14 plants
14 creatures vanquished.

Grand Total: 78 creatures vanquished

Notes
Turn   | Place    | Note
-------+----------+-------------------------------------------
     0 | D:1      | Veteran the Djinni Monk began the quest for the Orb.
     0 | D:1      | Reached XP level 1. HP: 20/20 MP: 0/0
   319 | D:1      | Reached XP level 2. HP: 25/25 MP: 0/0
   721 | D:2      | Reached XP level 3. HP: 30/30 MP: 0/0
   721 | D:2      | Learned a level 1 spell: Freeze
   754 | D:2      | Noticed Sigmund
  1416 | D:2      | Reached XP level 4. HP: 37/37 MP: 0/0
  1996 | D:3      | Reached XP level 5. HP: 16/41 MP: 0/0
  1996 | D:3      | Learned a level 2 spell: Passwall
  2006 | D:3      | Found a sparkling altar of Nemelex Xobeh.
  2140 | D:3      | Reached skill level 1 in Armour
  2372 | D:2      | Slain by Sigmund

Illustrated notes

Levels and vault maps discovered:
D:1:      dpeg_arrival_water_fire, layout_loops_ring, serial_bayou_lagoon_a,
          minmay_misc_feat_room, minivault_5
D:2:      layout_basic, kennysheep_small_spiral, glass_columns_b, uniq_sigmund
D:3:      layout_basic, nemelex_spade_bored_becter, serial_bayou,
          serial_bayou_pond_e, serial_bayou_shore_a, serial_bayou_pond_a,
          serial_bayou_crossing, skrybe_limestone_x, minmay_vboxes

Skill      XL: |  1  2  3  4  5 |
---------------+----------------+-----
Long Blades    | 3 |  3.6
Dodging        | 4 |  4.4
Fighting       | 4 |  4.0
Armour         | 1 |  1.1
Stealth        | |  1.5

Action                   |  1- 3 |  4- 6 || total
-------------------------+-------+-------++-------
Melee: Falchion          |   106 |    13 ||   119
       Long sword        |       |    96 ||    96
Throw: Javelin           |       |     3 ||     3
  Use: Potion            |     1 |       ||     1
       Scroll            |       |     6 ||     6
 Stab: Sleeping          |     3 |     1 ||     4
Armor: Robe              |     6 |       ||     6
       Leather armour    |    19 |    26 ||    45
Dodge: Dodged            |    81 |    95 ||   176
       Rpst.: Falchion   |    30 |     2 ||    32
       Long sword        |       |    21 ||    21

Table legend: (Time is in decaauts)
 A = Elapsed time spent in this place.
 B = Non-inter-level travel time spent in this place.
 C = Inter-level travel time spent in this place.
 D = Time resting spent in this place.
 E = Time spent auto-exploring this place.
 F = Levels seen in this place.
 G = Mean time per level.
                   A        B        C        D        E       F      G
               +--------+--------+--------+--------+--------+-----+--------+
         Total |   2417 |   1942 |    475 |      2 |      0 |   3 |  805.7 |
       Dungeon |   2417 |   1942 |    475 |      2 |      0 |   3 |  805.7 |
               +--------+--------+--------+--------+--------+-----+--------+

Top non-repeatable levels by time:
     D:1: 937 daAuts
     D:2: 912 daAuts
     D:3: 567 daAuts
